 Dungeon Crawl Stone Soup version 0.29.1-2-gbd0b4ee654 (webtiles) character file.

Game seed: 17968705560824704959

167 fleeber the Conjurer (level 5, -2/28 HPs)
             Began as a Deep Elf Conjurer on Nov 5, 2022.
             Slain by an orc wizard
             ... wielding a +0 dagger of holy wrath
              (3 damage)
             ... on level 3 of the Dungeon.
             The game lasted 00:09:49 (3384 turns).

fleeber the Conjurer (Deep Elf Conjurer)            Turns: 3384, Time: 00:09:50

Health: -2/28      AC:  2    Str:  4    XL:     5   Next: 23%
Magic:  9/14       EV: 12    Int: 25    God:
Gold:   127        SH:  0    Dex: 13    Spells: 13/14 levels left

rFire   . . .      SeeInvis .   j - +0 short sword
rCold   . . .      Faith    .   (no shield)
rNeg    . . .      Spirit   .   a - +0 robe
rPois   .          Reflect  .   (no helmet)
rElec   .          Harm     .   (no cloak)
rCorr   .          Rampage  .   (no gloves)
Will    .....                   (no boots)
Stlth   +.........              (no amulet)
HPRegen 0.09/turn               (no ring)
MPRegen 0.14/turn               (no ring)

@: confused
A: no striking features
a: no special abilities


You were on level 3 of the Dungeon.
You visited 1 branch of the dungeon, and saw 3 of its levels.

You collected 127 gold pieces.

Inventory:

Hand Weapons
 j - a +0 short sword (weapon)
Armour
 a - a +0 robe (worn)
Scrolls
 c - 2 scrolls of teleportation {unknown}
 d - a scroll of poison {unknown}
 k - a scroll of identify {unknown}
 m - a scroll of immolation {unknown}
Potions
 b - a potion of magic
 e - 3 potions of degeneration {unknown}
 f - a potion of berserk rage {unknown}
 g - 2 potions of invisibility {unknown}
 h - a potion of heal wounds {unknown}
 i - 3 potions of curing {unknown}
 l - a potion of flight {unknown}


   Skills:
 - Level 2.4 Dodging
 - Level 2.4 Stealth
 - Level 5.0 Spellcasting
 + Level 6.3 Conjurations


You had 13 spell levels left.
You knew the following spells:

 Your Spells              Type           Power      Damage    Failure   Level
a - Magic Dart            Conj           100%       1d8       1%          1

Your spell library contained the following spells:

 Spells                   Type           Power      Damage    Failure   Level
 Searing Ray              Conj           76%        2d7       1%          2
 Dazzling Flash           Conj/Hex       44%        N/A       7%          3
 Apportation              Tloc           12%        N/A       9%          1
 Fulminant Prism          Conj/Hex       11%        3d9       22%         4
 Iskenderun's Mystic Bla  Conj/Tloc      22%        2d6       22%         4
 Alistair's Intoxication  Tmut/Pois      4%         N/A       92%         5


Dungeon Overview and Level Annotations

Branches:
Dungeon (3/15)

Altars:
Xom


Message History

The orc wizard flickers and vanishes!
Deactivating autopickup; reactivate with Ctrl-A.
Aiming: Magic Dart (safe; 1% risk of failure)
Press: ? - help, Q - select action Shift-Dir - straight line, f - you That beam is likely to hit you.
Continue anyway? [Y]es or [N]o only, please.
That beam is likely to hit you.
Continue anyway? [Y]es or [N]o only, please.
That beam is likely to hit you.
Continue anyway?
Okay, then.
Aiming: Magic Dart (safe; 1% risk of failure)
Press: ? - help, Q - select action Shift-Dir - straight line The magic dart hits something.
A magic dart appears from out of thin air!
The magic dart hits you. Something hits you but does no damage.
You miss something.
You hear some strange, mumbled words.
A puff of flame appears from out of thin air!
The puff of flame misses you. Something hits you.
You closely miss something. Something hits you.
You closely miss something. Something hits you but does no damage.
You barely miss something. Something hits you.
You barely miss something. Something hits you.
* * * LOW HITPOINT WARNING * * *
You barely miss something. Something hits you but does no damage.
You hit something but do no damage. Something hits you.
* * * LOW HITPOINT WARNING * * *
You miss something.
You hear some strange, mumbled words.
You are confused.
You bump into the rock wall.
Something hits you.
* * * LOW HITPOINT WARNING * * *
You bump into the rock wall.
Something hits you.
* * * LOW HITPOINT WARNING * * *
You bump into the rock wall.
You hear some strange, mumbled words.
Something tries to affect you, but you resist.
You bump into the rock wall.
Something hits you.
You die...

...+ ..# #.# #.# #.# #.#
######### #########.#
........#########......##.#
.........{@.....'..........
######.##########......####
#. ######## #. #. #. ..
####### #. #...... #......


There were no monsters in sight!

Vanquished Creatures
  An orc priest (D:2)
  3 adders
  4 gnolls (D:2)
  3 dart slugs
  4 orcs
  8 bats (D:1)
  4 endoplasms
  A giant cockroach (D:1)
  4 goblins
  5 hobgoblins
  3 jackals (D:1)
  8 kobolds
  5 ball pythons
  4 frilled lizards
  6 rats
63 creatures vanquished.

Notes
Turn   | Place    | Note
-------+----------+-------------------------------------------
     0 | D:1      | fleeber the Deep Elf Conjurer began the quest for the Orb.
     0 | D:1      | Reached XP level 1. HP: 10/10 MP: 6/6
   162 | D:1      | Reached XP level 2. HP: 15/15 MP: 7/9
   932 | D:1      | Reached XP level 3. HP: 19/19 MP: 8/11
   973 | D:1      | Reached skill level 5 in Spellcasting
  1348 | D:2      | Reached skill level 5 in Conjurations
  1351 | D:2      | Reached XP level 4. HP: 19/24 MP: 3/13
  2035 | D:2      | Found a faded altar of an unknown god.
  2677 | D:2      | Reached skill level 6 in Conjurations
  2677 | D:2      | Reached XP level 5. HP: 9/28 MP: 9/14
  3113 | D:3      | Found a shimmering altar of Xom.
  3382 | D:3      | HP: 1/28 [something (4)]
  3384 | D:3      | Slain by an orc wizard

Illustrated notes

Levels and vault maps discovered:
D:1:      minmay_arrival_solitary_statue, layout_basic
D:2:      layout_basic, ebering_ecumenical_altar_hall
D:3:      layout_basic, overflow_temple_1_default, mainiacjoe_overflow_chevrons

Skill      XL: |  1  2  3  4 |
---------------+-------------+-----
Spellcasting   | 4 5 |  5.0
Conjurations   | 5 6 |  6.3
Dodging        | |  2.4
Stealth        | |  2.4

Action                   |  1- 3 |  4- 6 || total
-------------------------+-------+-------++-------
Melee: Mace              |     2 |       ||     2
       Short sword       |       |     8 ||     8
 Cast: Magic Dart        |    68 |    78 ||   146
Armor: Robe              |     3 |     3 ||     6
Dodge: Dodged            |     8 |     6 ||    14
